 Dungeon Crawl Stone Soup version 0.25-a0-1130-g3926558f3a (webtiles) character file.

Game seed: 7427563381849924182, levelgen mode: deterministic

70 MisterFreud the Ruffian (level 4, -1/41 HPs)
             Began as a Troll Wanderer on May 19, 2020.
             Slain by a hippogriff (6 damage)
             ... on level 3 of the Dungeon.
             The game lasted 00:03:04 (1401 turns).

MisterFreud the Ruffian (Troll Wanderer)            Turns: 1401, Time: 00:03:04

Health: -1/41      AC:  6    Str: 22    XL:     4   Next: 3%
Magic:  4/4        EV:  9    Int:  8    God:
Gold:   78         SH:  0    Dex:  8    Spells: 4/5 levels left

rFire    . . .     SeeInvis .     - Unarmed
rCold    . . .     Gourm    +   (no shield)
rNeg     . . .     Faith    .   c - +0 robe
rPois    .         Spirit   .   (helmet restricted)
rElec    .         Reflect  .   (no cloak)
rCorr    .         Harm     .   (gloves unavailable)
MR       .....                  (boots unavailable)
Stlth    +.........             (no amulet)
HPRegen  0.53/turn              (no ring)
MPRegen  0.09/turn              (no ring)

@: no status effects
A: large, unfitting armour, claws 3, fast metabolism 3, gourmand, regeneration
1, shaggy fur 1, tough skin 3
a: no special abilities


You were on level 3 of the Dungeon.
You were very full.

You visited 1 branch of the dungeon, and saw 3 of its levels.

You collected 78 gold pieces.

Inventory:

Missiles
 l - 4 boomerangs (quivered)
Armour
 c - a +0 robe (worn)
Scrolls
 a - a scroll of magic mapping {unknown}
 b - 3 scrolls of identify {unknown}
 g - a scroll of fear {unknown}
 j - a scroll of enchant weapon {unknown}
 k - 2 scrolls of fog {unknown}
 m - a scroll of teleportation {unknown}
 n - a scroll of immolation {unknown}
 o - a scroll of noise {unknown}
Potions
 e - 3 potions of lignification {unknown}
 f - a potion of curing {unknown}
 h - a potion of brilliance {unknown}
 i - a potion of degeneration {unknown}
Comestibles
 d - 5 rations


   Skills:
 - Level 1.5 Fighting
   Level 1.0 Maces & Flails
 - Level 1.0 Throwing
 - Level 1.5 Dodging
   Level 1.0 Shields
 + Level 3.7 Unarmed Combat
 - Level 1.0 Spellcasting
   Level 1.2 Charms


You had 4 spell levels left.
You knew the following spells:

 Your Spells              Type           Power        Failure   Level  Hunger
a - Magic Dart            Conj           #...         36%         1    ##.....

Your spell library contained the following spells:

 Spells                   Type           Power        Failure   Level  Hunger
 Blink                    Tloc           N/A          52%         2    ###....
 Call Imp                 Summ           #.......     52%         2    ###....
 Slow                     Hex            #.......     52%         2    ###....
 Conjure Flame            Conj/Fire      #.......     75%         3    ####...
 Mephitic Cloud           Conj/Pois/Air  #.......     75%         3    ####...


Dungeon Overview and Level Annotations

Branches:
Dungeon (3/15)

Altars:
Ashenzari
Dithmenos
Uskayaw


Innate Abilities, Weirdness & Mutations

You are too large for most types of armour.
You have claws for hands.
Your metabolism is lightning-fast.
You like to eat raw meat.
Your natural rate of healing is unusually fast.
You are covered in fur. (AC +1)
You have extremely tough skin. (AC +3)


Message History

You claw the goblin!
You kill the goblin!
You scratch the hippogriff but do no damage.
The hippogriff bites you but does no damage.
The hippogriff pecks you. The hippogriff claws you.
You barely miss the hippogriff. The goblin hits you. The hippogriff bites you.
The hippogriff pecks you. The hippogriff completely misses you.
You barely miss the hippogriff. The goblin hits you but does no damage.
You scratch the hippogriff.
The hippogriff is lightly wounded.
The hippogriff bites you.
The hippogriff pecks you but does no damage.
The hippogriff claws you. The goblin hits you with a +0 dagger.
The goblin misses you.
You claw the hippogriff!
The hippogriff is lightly wounded.
The hippogriff bites you!
* * * LOW HITPOINT WARNING * * *
The hippogriff barely misses you. The hippogriff claws you.
You die...

#.#.
#.#.##########
.............#
..)....!.....#
.............#
.............#
.............#
.............#
......g@.....#
......gH.....#
.............#
.......†.....#
.............#
.............#
.......<.....#
.............#
g............#


You could see a hippogriff and 2 goblins.

Vanquished Creatures
  2 adders (D:2)
  A worm (D:2)
  2 dart slugs (D:2)
  A leopard gecko (D:3)
  7 bats
  A giant cockroach (D:3)
  A goblin (D:3)
  8 hobgoblins
  4 jackals (D:1)
  5 frilled lizards
  5 kobolds
  5 rats
42 creatures vanquished.

Notes
Turn   | Place    | Note
-------+----------+-------------------------------------------
     0 | D:1      | MisterFreud the Troll Wanderer began the quest for the Orb.
     0 | D:1      | MisterFreud set off with the following items: a +0 hand
                  | axe, a +0 robe, 2 rations; and the following spell
                  | memorised: Magic Dart; and the following spells available
                  | to memorise: Blink, Call Imp, Slow, Conjure Flame, Mephitic
                  | Cloud
     0 | D:1      | Reached XP level 1. HP: 19/19 MP: 1/1
   112 | D:1      | Reached skill level 1 in Unarmed Combat
   316 | D:1      | Reached XP level 2. HP: 27/27 MP: 2/2
   328 | D:1      | Reached skill level 2 in Unarmed Combat
   823 | D:2      | Reached XP level 3. HP: 33/33 MP: 3/3
   854 | D:2      | Reached skill level 3 in Unarmed Combat
   912 | D:2      | Found a shadowy altar of Dithmenos.
  1357 | D:2      | Found a hide-covered altar of Uskayaw.
  1357 | D:2      | Found a shattered altar of Ashenzari.
  1382 | D:3      | Noticed a hippogriff
  1391 | D:3      | Reached XP level 4. HP: 41/41 MP: 4/4
  1401 | D:3      | Slain by a hippogriff

Illustrated notes

Levels and vault maps discovered:
D:1:      minmay_arrival_five_plusses, layout_basic
D:2:      layout_loops_ring, amethyst_overflow_temple_binary,
          grunt_dithmenos_smoke
D:3:      layout_basic, first_ration, uniq_jessica, uniq_robin

Skill      XL: |  1  2  3 |
---------------+----------+-----
Unarmed Combat | 1 2 3 |  3.7
Fighting       | |  1.5
Maces & Flails | |  1.0
Throwing       | |  1.0
Dodging        | |  1.5
Shields        | |  1.0
Spellcasting   | |  1.0
Charms         | |  1.2

Action                   |  1- 3 |  4- 6 || total
-------------------------+-------+-------++-------
Melee: Unarmed           |   109 |     6 ||   115
       Punch             |     1 |       ||     1
  Eat: Chunk             |    17 |       ||    17
Armor: Robe              |    53 |     3 ||    56
Dodge: Dodged            |    43 |     3 ||    46

Table legend:
 A = Non-vault XP
 B = Vault XP
 C = Vault XP percentage of total XP
 D = Non-vault monster count
 E = Vault monster count
 F = Vault count percentage of total count
                 A         B        C        D         E       F
            +---------+---------+-------+---------+---------+-------
      Total |      98 |       2 |   2.0 |      41 |       1 |   2.4
            +---------+---------+-------+---------+---------+-------
        D:1 |      33 |       0 |   0.0 |      20 |       0 |   0.0
        D:2 |      58 |       0 |   0.0 |      18 |       0 |   0.0
        D:3 |       7 |       2 |  22.2 |       3 |       1 |  25.0
            +---------+---------+-------+---------+---------+-------
